 Dungeon Crawl Stone Soup version 0.28.0-47-ge53b351184 (webtiles) character file.

Game seed: 14556219362123614182

76492 Bruhh the Thaumaturge (level 15, -16/183 HPs)
             Began as a Gnoll Ice Elementalist on Apr 29, 2022.
             Was a High Priest of Ashenzari.
             Demolished by an orc knight
             ... wielding a +0 glaive
              (27 damage)
             ... on level 2 of the Orcish Mines.
             The game lasted 01:29:46 (33246 turns).

Bruhh the Thaumaturge (Gnoll Ice Elementalist)     Turns: 33246, Time: 01:29:47

Health: -16/183    AC: 20    Str: 17    XL:     15   Next: 53%
Magic:  30/32      EV: 11    Int: 25    God:    Ashenzari [*****.]
Gold:   735        SH:  0    Dex: 12    Spells: 5/41 levels left

rFire   + + +      SeeInvis +     - Unarmed
rCold   x x .      Faith    .   (shield currently unavailable)
rNeg    . . .      Spirit   .   (armour currently unavailable)
rPois   +          Reflect  .   (helmet currently unavailable)
rElec   .          Harm     .   (cloak currently unavailable)
rCorr   .          Rampage  .   (gloves currently unavailable)
Will    +....      Clarity  +   (boots currently unavailable)
Stlth   +++++.....              s - amulet of Curses and Power {Acrobat, Elem, Self} (curse)
HPRegen 0.40/turn               y - ring "Ruined the Doldrums" {Fire, Bglg, Melee} (curse)
MPRegen 0.23/turn               I - ring of the Wild Blue Yonder {AC+4, Alch, Fort} (curse)

@: dragon-form, flying, unable to read
A: dragon claw, dragon scales, breathe fire, flying, boosted hp, giant, (fangs
1), strong nose, distributed training, clever 2, clumsy 1, (deformed body),
deterioration 1, screaming 1, no potion heal 1, inability to read while
threatened
a: Breathe Fire, End Transformation, Renounce Religion, Curse Item, Shatter the
Chains


You were on level 2 of the Orcish Mines.
You worshipped Ashenzari.
Ashenzari was extremely pleased with you.
You were a fearsome dragon!
You visited 4 branches of the dungeon, and saw 21 of its levels.
You also visited: Sewer.

You collected 2335 gold pieces.
You spent 1600 gold pieces at shops.

Inventory:

Hand Weapons
 f - a +2 vorpal double sword
 J - a +5 trident of protection
 M - the cursed +5 trident of Toth-Mos's Legacy (melded) {vorpal, Dex+4, Melee, Self}
   (You found it on level 3 of the Lair of Beasts)

   It inflicts extra damage upon your enemies.
   Dex:       It affects your dexterity (+4).
   It has a curse which improves the following skills: Melee Combat: Short
   Blades, Long Blades, Axes, Maces & Flails, Polearms, Staves and Unarmed
   Combat.
   Introspection: Fighting and Spellcasting.
Missiles
 P - 3 throwing nets
Armour
 h - the cursed +0 pair of gloves of the Omniscient Comet (melded) {Evo, Melee}
   (You found it on level 1 of the Dungeon)

   It has a curse which improves the following skills: Evocations: Evocations.
   Melee Combat: Short Blades, Long Blades, Axes, Maces & Flails, Polearms,
   Staves and Unarmed Combat.
 A - the cursed scarf of the Cosmic Augur (melded) {repulsion, Bglg, Melee}
   (You found it on level 4 of the Dungeon)

   It has a curse which improves the following skills: Beguiling: Conjurations,
   Hexes and Translocations.
   Melee Combat: Short Blades, Long Blades, Axes, Maces & Flails, Polearms,
   Staves and Unarmed Combat.
 E - the +6 ice dragon scales "Cykkupuw" {rF- rC++ Dex+3}
   (You found it on level 6 of the Lair of Beasts)

   Dex:       It affects your dexterity (+3).
   rF:        It makes you vulnerable to fire.
   rC:        It greatly protects you from cold.
 F - a +0 troll leather armour
 N - the cursed +0 hat of Ashenzari's Repose (melded) {Int+3, Self, Elem}
   (You took it off Gastronok on level 8 of the Dungeon)

   It has a curse which improves the following skills: Introspection: Fighting
   and Spellcasting.
   Elements:  Fire Magic, Ice Magic, Air Magic and Earth Magic.
 T - the cursed +2 robe "Astrological Sybil" (melded) {Archmagi, Comp, Melee}
   (You took it off Erica on level 9 of the Dungeon)

   It has a curse which improves the following skills: Companions: Summonings
   and Necromancy.
   Melee Combat: Short Blades, Long Blades, Axes, Maces & Flails, Polearms,
   Staves and Unarmed Combat.
 V - the +0 pair of gloves of Awe {Rampage}
   (You found it on level 1 of the Lair of Beasts)

   Rampage:   It bestows one free step when moving towards enemies.
 W - the cursed +2 pair of boots "Henotheism of Ashenzari" (melded) {Bglg, Comp}
   (You bought it in a shop on level 1 of the Orcish Mines)

   It has a curse which improves the following skills: Beguiling: Conjurations,
   Hexes and Translocations.
   Companions: Summonings and Necromancy.
Jewellery
 e - a +4 ring of evasion
 s - the cursed amulet of Curses and Power (around neck) {Acrobat, Elem, Self}
   (You found it in a sewer)

   [amulet of the acrobat]

   It increases your evasion while moving and waiting.
   It has a curse which improves the following skills: Elements: Fire Magic, Ice
   Magic, Air Magic and Earth Magic.
   Introspection: Fighting and Spellcasting.
 y - the cursed ring "Ruined the Doldrums" (left foreclaw) {Fire, Bglg, Melee}
   (You found it on level 4 of the Dungeon)

   [ring of fire]

   It enhances your fire magic.
   rF:        It protects you from fire.
   rC:        It makes you vulnerable to cold.
   It has a curse which improves the following skills: Beguiling: Conjurations,
   Hexes and Translocations.
   Melee Combat: Short Blades, Long Blades, Axes, Maces & Flails, Polearms,
   Staves and Unarmed Combat.
 z - an amulet of reflection
 I - the cursed ring of the Wild Blue Yonder (right foreclaw) {AC+4, Alch, Fort}
   (You found it on level 8 of the Dungeon)

   [ring of protection]

   AC:        It affects your AC (+4).
   It has a curse which improves the following skills: Alchemy: Poison Magic and
   Transmutations.
   Fortitude: Armour and Shields.
 S - a ring of resist corrosion
Wands
 b - a wand of charming (5)
 m - a wand of iceblast (5)
 H - a wand of digging (20)
 K - a wand of flame (33)
 L - a wand of paralysis (14)
Scrolls
 c - 21 scrolls of identify
 d - a scroll of fog
 g - a scroll of summoning
 j - 3 scrolls of enchant weapon
 l - 2 scrolls of noise
 o - 2 scrolls of magic mapping
 p - 2 scrolls of vulnerability
 r - a scroll of enchant armour
 u - 6 scrolls of teleportation
 w - 3 scrolls of immolation
 O - a scroll of blinking
 Q - a scroll of silence
 U - 2 scrolls of holy word
 X - 6 scrolls of fear
 Y - a scroll of brand weapon
Potions
 a - 4 potions of curing
 i - 5 potions of attraction
 k - 2 potions of resistance
 n - 2 potions of magic
 q - 3 potions of berserk rage
 t - 3 potions of heal wounds
 v - 3 potions of degeneration
 x - 3 potions of flight
 B - a potion of lignification
 C - 3 potions of haste
 D - 2 potions of brilliance
 G - a potion of ambrosia


   Skills:
 + Level 10.2(12.5) Fighting
 + Level 10.2(12.5) Short Blades
 + Level 10.2(12.5) Long Blades
 + Level 10.2(12.5) Axes
 + Level 10.2(12.5) Maces & Flails
 + Level 10.2(12.5) Polearms
 + Level 10.2(12.5) Staves
 + Level 10.2 Slings
 + Level 10.2 Bows
 + Level 10.2 Crossbows
 + Level 10.2 Throwing
 + Level 10.2(12.5) Armour
 + Level 11.1 Dodging
 + Level 11.0 Stealth
 + Level 10.2(12.5) Shields
 + Level 10.2(12.5) Unarmed Combat
 + Level 11.3(13.6) Spellcasting
 + Level 8.5(10.9) Conjurations
 + Level 8.5(10.9) Hexes
 + Level 8.5 Summonings
 + Level 8.5 Necromancy
 + Level 8.5(10.9) Translocations
 + Level 8.5(10.9) Transmutations
 + Level 8.5(10.9) Fire Magic
 + Level 11.1(13.4) Ice Magic
 + Level 8.5(10.9) Air Magic
 + Level 8.5(10.9) Earth Magic
 + Level 8.5(10.9) Poison Magic
 + Level 11.1 Invocations
 + Level 10.2 Evocations


You had 5 spell levels left.
You knew the following spells:

 Your Spells              Type           Power      Damage    Failure   Level
a - Freeze                Ice            100%       1d11      0%          1
b - Frozen Ramparts       Ice            100%       1d12      1%          3
c - Ozocubu's Armour      Ice            71%        N/A       1%          3
d - Summon Ice Beast      Ice/Summ       64%        N/A       1%          4
e - Vampiric Draining     Necr           56%        2d10      1%          3
f - Ice Form              Ice/Tmut       67%        N/A       1%          4
g - Irradiate             Conj/Tmut      32%        3d24      1%          5
h - Iron Shot             Conj/Erth      32%        9d7       6%          6
i - Dragon Form           Tmut           32%        N/A       32%         7

Your spell library contained the following spells:

 Spells                   Type           Power      Damage    Failure   Level
 Magic Dart               Conj           100%       1d8       1%          1
 Pain                     Necr           100%       1d9       1%          1
 Sandblast                Erth           100%       2d20      1%          1
 Slow                     Hex            100%       N/A       1%          1
 Summon Small Mammal      Summ           100%       N/A       1%          1
 Call Imp                 Summ           56%        N/A       1%          2
 Static Discharge         Conj/Air       64%        N/A       1%          2
 Sublimation of Blood     Necr           56%        N/A       1%          2
 Wereblood                Tmut           64%        N/A       1%          2
 Confusing Touch          Hex            64%        N/A       1%          3
 Mephitic Cloud           Conj/Pois/Air  64%        N/A       1%          3
 Cause Fear               Hex            32%        N/A       1%          4
 Hailstorm                Conj/Ice       67%        3d14      1%          4
 Petrify                  Tmut/Erth      64%        N/A       1%          4
 Blade Hands              Tmut           32%        N/A       1%          5
 Iskenderun's Battlesphe  Conj           64%        2d11      1%          5
 Lightning Bolt           Conj/Air       32%        1d49      1%          5
 Metabolic Englaciation   Hex/Ice        33%        N/A       1%          5
 Agony                    Necr           56%        N/A       2%          5
 Excruciating Wounds      Necr           28%        N/A       2%          5
 Simulacrum               Ice/Necr       32%        N/A       6%          6
 Spellforged Servitor     Conj/Summ      30%        N/A       47%         7
 Summon Hydra             Summ           28%        N/A       65%         7
 Maxwell's Capacitive Co  Air            32%        ∞         95%         8
 Dragon's Call            Summ           28%        N/A       100%        9


Dungeon Overview and Level Annotations

Branches:
Dungeon (12/15)            Temple (1/1) D:7            Lair (6/6) D:9
  Swamp (0/4) Lair:4        Snake (0/4) Lair:4        Slime (0/5) Lair:6
    Orc (2/2) D:12          Sewer (visited)
    Elf: Orc:2

Altars:
Ashenzari
Cheibriados
Dithmenos
Elyvilon
Fedhas
Gozag
Hepliaklqana
Kikubaaqudgha
Makhleb
Nemelex Xobeh
Okawaru
Qazlal
Ru
Sif Muna
Trog
Uskayaw
Vehumet
Wu Jian
Xom
Yredelemnul
Zin
The Shining One
Beogh
Jiyva

Shops:
D:2 [   D:7 *   Orc:1 [   Orc:2 :[

Annotations:
D:8 3 runed translucent doors, Omnilove's ghost, novice TeAE


Innate Abilities, Weirdness & Mutations

You are a fearsome dragon!
You have a powerful clawing attack.
Your giant scaled body is strong and resiliant, but less evasive.
You can breathe fire.
You are flying.
Your maximum health is greatly increased.
Your armour is entirely melded.
You are incapable of wielding weapons or throwing items.
((You have very sharp teeth.))
Your uncanny sense of smell can sniff out nearby items.
Your experience applies equally to all skills.
Your mind is very acute. (Int +4)
You are clumsy. (Dex -2)
((Armour fits poorly on your strangely shaped body.))
Your body sometimes deteriorates upon taking damage.
You occasionally shout uncontrollably at your foes.
Potions are less effective at restoring your health.
You sometimes lose the ability to read scrolls when taking damage.


Message History

The orc knight barely misses you.
You claw the orc knight!
You tail-slap the orc knight, but do no damage.
You bite the orc knight, but do no damage.
The orc knight is moderately wounded.
The orc knight hits you with a +0 battleaxe.
The orc knight hits you from afar with a +0 glaive!!!
You feel threatened and lose the ability to read scrolls!
You maul the orc knight!!!
You bite the orc knight, but do no damage.
The orc knight is almost dead.
The orc knight hits you with a +0 battleaxe!!
* * * LOW HITPOINT WARNING * * *
The orc knight hits you from afar with a +0 glaive.
* * * LOW HITPOINT WARNING * * *
You barely miss the orc knight. You bite the orc knight.
The orc knight is almost dead.
The orc knight completely misses you.
You barely miss the orc knight.
You tail-slap the orc knight, but do no damage.
You bite the orc knight.
The orc knight is almost dead.
The orc knight hits you from afar with a +0 glaive!!
* * * LOW HITPOINT WARNING * * *
There is an open door here.
The orc knight no longer looks unusually strong.
There is an open door here.
The orc knight no longer looks unusually strong.
The orc knight roars a battlecry!
The orc knight goes into a battle-frenzy!
The orc knight roars a battlecry!
The orc knight goes into a battle-frenzy!
Items here: ( )) [ ††.
Items here: )) [ †.
There is an open door here.
You cannot read scrolls in your current state!
You maul the orc knight!!!
You kill the orc knight!
The orc knight hits you from afar with a +0 glaive!!
You die...

## #.....# * ≈ * ###
#.....# * ≈≈
#####...).# ≈≈
#######†#####..o
.######.#####o..*
..#####'######+#####
.######......#...###
####.#######'###.###
####.#####.....#D###
#....#####.._)o).###
....# #.....#.###
....########+###.###
.....#.....#.....###
<....#.....#.#######
.....#..⌠..'.#).∩###
.....#.....#.')..###
.....#.....#.#...###


You could see an orc knight (strong).

Vanquished Creatures
  Gastronok (D:8)
  Kirke (Lair:5)
  An orc warlord (Orc:1)
  Fannar (D:11)
  A boulder beetle (D:12)
  9 hydras
  Erica (D:9)
  3 two-headed ogres
  6 death yaks
  2 orc high priests
  Nergalle (Orc:1)
  A goliath frog (Lair:6)
  2 bog bodies (Lair:4)
  3 orc knights (Orc:2)
  An ugly thing (D:12)
  A manticore (D:12)
  A cyclops (D:11)
  3 orc sorcerers
  Maurice (Orc:1)
  4 black mambas
  18 elephants
  21 cane toads
  3 kobold demonologists (D:11)
  15 komodo dragons
  A rime drake (Lair:3)
  2 hornets
  A polar bear (Lair:3)
  5 trolls
  A queen bee (D:11)
  4 tyrant leeches (Lair:6)
  Prince Ribbit (D:9)
  6 dream sheep (Lair:5)
  7 slime creatures (D:12)
  24 blink frogs
  2 hogs (Lair:5)
  A vampire (D:9)
  48 yaks
  3 shadows
  2 basilisks
  Grum (D:9)
  7 wyverns
  A steam dragon (D:9)
  3 vampire mosquitoes (Lair:6)
  Edmund (D:6)
  4 wargs
  An acid dragon (D:11)
  A swamp worm (Lair:4)
  14 water moccasins
  Duvessa (D:6)
  Pargi (Sewer)
  2 ice beasts (D:7)
  40 orc warriors
  18 ogres
  3 necrophages
  3 wolves
  6 centaurs
  5 kobold brigands
  25 bullfrogs
  2 gnoll sergeants
  A wyvern zombie (D:7)
  A water moccasin zombie (D:7)
  A scorpion (D:4)
  2 water moccasin skeletons
  Dowan (D:6)
  19 killer bees
  4 wights
  A crimson imp (D:5)
  2 electric eels
  3 centaur zombies
  2 bullfrog zombies
  A centaur skeleton (D:6)
  27 orc priests
  3 gnoll shamans (D:8)
  A hound (D:5)
  An iron imp (D:10)
  A bullfrog skeleton (D:6)
  7 iguanas
  11 orc wizards
  A hell rat (Lair:3)
  A howler monkey zombie (D:7)
  12 gnolls
  8 adders
  A river rat (D:3)
  A white imp (D:5)
  An adder skeleton (D:5)
  2 dart slugs
  93 orcs
  7 bats
  4 endoplasms
  2 giant cockroaches
  9 goblins
  2 hobgoblins
  2 jackals (D:3)
  14 kobolds
  2 quokkas
  6 ball pythons
  10 frilled lizards
  A rat (D:3)
616 creatures vanquished.

Vanquished Creatures (collateral kills)
  Urug (Lair:6)
  A cane toad (Lair:6)
  A komodo dragon (Lair:6)
  A slime creature (D:12)
  A blink frog (Lair:6)
  A yak (Lair:3)
  2 vampire mosquitoes (Lair:6)
  A water moccasin (Lair:1)
  A bullfrog (Lair:6)
  6 gnolls (D:8)
16 creatures vanquished.

Vanquished Creatures (others)
  A human (Lair:5)
  48 fungi
  126 plants
175 creatures vanquished.

Grand Total: 807 creatures vanquished

Notes
Turn   | Place    | Note
-------+----------+-------------------------------------------
     0 | D:1      | Bruhh the Gnoll Ice Elementalist began the quest for the
                  | Orb.
     0 | D:1      | Reached XP level 1. HP: 13/13 MP: 6/6
   298 | D:1      | Reached XP level 2. HP: 19/19 MP: 4/7
  1307 | D:2      | Reached skill level 5 in Spellcasting
  1307 | D:2      | Reached XP level 3. HP: 25/25 MP: 7/9
  1311 | D:2      | Learned a level 3 spell: Frozen Ramparts
  1315 | D:2      | Learned a level 3 spell: Ozocubu's Armour
  1371 | D:2      | Found a faded altar of an unknown god.
  1400 | D:2      | Reached skill level 1 in Fighting
  1400 | D:2      | Reached skill level 1 in Short Blades
  1400 | D:2      | Reached skill level 1 in Long Blades
  1400 | D:2      | Reached skill level 1 in Axes
  1400 | D:2      | Reached skill level 1 in Maces & Flails
  1400 | D:2      | Reached skill level 1 in Polearms
  1400 | D:2      | Reached skill level 1 in Staves
  1400 | D:2      | Reached skill level 1 in Slings
  1400 | D:2      | Reached skill level 1 in Bows
  1400 | D:2      | Reached skill level 1 in Crossbows
  1400 | D:2      | Reached skill level 1 in Throwing
  1400 | D:2      | Reached skill level 1 in Armour
  1400 | D:2      | Reached skill level 1 in Shields
  1400 | D:2      | Reached skill level 1 in Unarmed Combat
  1400 | D:2      | Reached skill level 1 in Invocations
  1400 | D:2      | Reached skill level 1 in Evocations
  1400 | D:2      | Reached XP level 4. HP: 32/32 MP: 8/11
  1412 | D:2      | Reached skill level 1 in Conjurations
  1412 | D:2      | Reached skill level 1 in Hexes
  1412 | D:2      | Reached skill level 1 in Summonings
  1412 | D:2      | Reached skill level 1 in Necromancy
  1412 | D:2      | Reached skill level 1 in Translocations
  1412 | D:2      | Reached skill level 1 in Transmutations
  1412 | D:2      | Reached skill level 1 in Fire Magic
  1412 | D:2      | Reached skill level 1 in Air Magic
  1412 | D:2      | Reached skill level 1 in Earth Magic
  1412 | D:2      | Reached skill level 1 in Poison Magic
  1514 | D:2      | Found Maeqit's Armour Shop.
  2294 | D:3      | Found a glowing drain.
  2296 | D:3      | Reached XP level 5. HP: 37/37 MP: 8/12
  2344 | Sewer    | Entered a sewer
  2396 | Sewer    | Noticed Pargi
  2406 | Sewer    | Killed Pargi
  2407 | Sewer    | Reached XP level 6. HP: 42/44 MP: 7/13
  2652 | D:3      | Reached skill level 5 in Dodging
  3541 | D:4      | Reached XP level 7. HP: 45/50 MP: 13/15
  3700 | D:5      | Entered Level 5 of the Dungeon
  4261 | D:5      | Found a blossoming altar of Fedhas.
  4374 | D:5      | Found a hazy altar of Hepliaklqana.
  4589 | D:5      | Reached skill level 5 in Stealth
  5207 | D:5      | Found an ornate altar of the Wu Jian Council.
  5395 | D:6      | Noticed Edmund
  5409 | D:6      | Killed Edmund
  5410 | D:6      | Reached XP level 8. HP: 18/58 MP: 10/16
  5994 | D:6      | Noticed Duvessa
  5995 | D:6      | Noticed Dowan
  6000 | D:6      | Killed Dowan
  6002 | D:6      | Killed Duvessa
  6876 | D:7      | Reached XP level 9. HP: 59/65 MP: 11/18
  6946 | D:7      | Found an opulent altar of Gozag.
  7458 | D:7      | Found a staircase to the Ecumenical Temple.
  7493 | Temple   | Entered the Ecumenical Temple
  7657 | Temple   | Became a worshipper of Ashenzari the Shackled
  8062 | D:7      | Found Hevvaq's Serpentskin Sales.
  9898 | D:7      | Learned a level 4 spell: Summon Ice Beast
 10699 | D:6      | Learned a level 3 spell: Vampiric Draining
 10735 | D:6      | Learned a level 4 spell: Ice Form
 11195 | D:8      | Reached skill level 5 in Invocations
 11483 | D:8      | Reached XP level 10. HP: 73/73 MP: 11/20
 11541 | D:8      | Found a runed translucent gate.
 11542 | D:8      | Found a runed translucent gate.
 11542 | D:8      | Found a runed translucent gate.
 11544 | D:8      | Found an opulent altar of Gozag.
 11544 | D:8      | Noticed a death knight
 11545 | D:8      | Noticed a centaur warrior
 11546 | D:8      | Noticed Omnilove's ghost (novice TeAE)
 11641 | D:8      | Reached skill level 5 in Fighting
 11641 | D:8      | Reached skill level 5 in Short Blades
 11641 | D:8      | Reached skill level 5 in Long Blades
 11641 | D:8      | Reached skill level 5 in Axes
 11641 | D:8      | Reached skill level 5 in Maces & Flails
 11641 | D:8      | Reached skill level 5 in Polearms
 11641 | D:8      | Reached skill level 5 in Staves
 11641 | D:8      | Reached skill level 5 in Slings
 11641 | D:8      | Reached skill level 5 in Bows
 11641 | D:8      | Reached skill level 5 in Crossbows
 11641 | D:8      | Reached skill level 5 in Throwing
 11641 | D:8      | Reached skill level 5 in Armour
 11641 | D:8      | Reached skill level 5 in Shields
 11641 | D:8      | Reached skill level 5 in Unarmed Combat
 11641 | D:8      | Reached skill level 5 in Evocations
 12126 | D:8      | Noticed Gastronok
 12143 | D:8      | Killed Gastronok
 12695 | D:8      | Identified the cursed scarf of Supernal Wisdom {repulsion,
                  | Range, Fort} (You found it on level 8 of the Dungeon)
 13062 | D:8      | Reached * piety under Ashenzari
 13935 | D:9      | Reached XP level 11. HP: 72/81 MP: 15/22
 14080 | D:9      | Noticed Grum
 14091 | D:9      | Killed Grum
 14092 | D:9      | Reached skill level 5 in Conjurations
 14092 | D:9      | Reached skill level 5 in Hexes
 14092 | D:9      | Reached skill level 5 in Summonings
 14092 | D:9      | Reached skill level 5 in Necromancy
 14092 | D:9      | Reached skill level 5 in Translocations
 14092 | D:9      | Reached skill level 5 in Transmutations
 14092 | D:9      | Reached skill level 5 in Fire Magic
 14092 | D:9      | Reached skill level 5 in Air Magic
 14092 | D:9      | Reached skill level 5 in Earth Magic
 14092 | D:9      | Reached skill level 5 in Poison Magic
 14346 | D:9      | Noticed Erica
 14362 | D:9      | Killed Erica
 14546 | D:9      | Reached ** piety under Ashenzari
 14817 | D:9      | Found a staircase to the Lair.
 14973 | D:9      | Noticed Prince Ribbit
 14983 | D:9      | Killed Prince Ribbit
 15270 | D:9      | Learned a level 5 spell: Irradiate
 15287 | Lair:1   | Entered Level 1 of the Lair of Beasts
 15297 | Lair:1   | Noticed a six-headed hydra
 15297 | Lair:1   | Identified the +0 pair of gloves of Awe {Rampage}
 15308 | Lair:1   | Killed a six-headed hydra
 16034 | Lair:1   | Reached *** piety under Ashenzari
 16867 | Lair:2   | Reached XP level 12. HP: 58/94 MP: 5/26
 17077 | Lair:2   | Reached **** piety under Ashenzari
 17529 | Lair:2   | Noticed a seven-headed hydra
 17539 | Lair:2   | Killed a seven-headed hydra
 18431 | Lair:3   | Noticed a four-headed hydra
 18566 | Lair:3   | Noticed an eight-headed hydra
 18574 | Lair:3   | Killed an eight-headed hydra
 18885 | Lair:3   | Found a stormy altar of Qazlal.
 19405 | Lair:3   | Noticed a death yak
 19411 | Lair:3   | Killed a death yak
 19435 | Lair:3   | Identified the +5 trident "Goblinslayer" {vorpal, Dex+4}
 20016 | Lair:3   | Learned a level 6 spell: Simulacrum
 20363 | Lair:4   | Reached XP level 13. HP: 75/107 MP: 24/30
 20482 | Lair:4   | Found a staircase to the Snake Pit.
 20852 | Lair:4   | Gained mutation: You have hidden genetic potential.
                  | [mutagenic glow]
 21074 | Lair:4   | Found a staircase to the Swamp.
 21355 | Lair:4   | Identified a scroll of acquirement
 21416 | Lair:4   | Reached ***** piety under Ashenzari
 21821 | Lair:5   | Reached skill level 10 in Ice Magic
 22416 | Lair:5   | Noticed Kirke
 22424 | Lair:5   | Killed Kirke
 22583 | Lair:5   | Reached skill level 10 in Spellcasting
 22590 | Lair:4   | Gained mutation: You occasionally shout uncontrollably at
                  | your foes. [mutagenic glow]
 23410 | Lair:6   | Entered Level 6 of the Lair of Beasts
 23548 | Lair:6   | Reached skill level 10 in Dodging
 23550 | Lair:6   | Reached XP level 14. HP: 114/114 MP: 12/31
 23657 | Lair:6   | Noticed Urug
 23663 | Lair:6   | Killed Urug
 23852 | Lair:6   | Reached skill level 10 in Stealth
 23871 | Lair:6   | Gained mutation: Your mind is acute. (Int +2) [hidden
                  | potential]
 24399 | Lair:6   | Reached skill level 10 in Invocations
 24815 | Lair:6   | Identified Wizardry for Beginners
 24873 | Lair:6   | Found a viscous altar of Jiyva.
 24874 | Lair:6   | Found a staircase to the Slime Pits.
 24932 | Lair:6   | Gained mutation: You are clumsy. (Dex -2) [mutagenic glow]
 25237 | Lair:6   | Identified the +6 ice dragon scales "Cykkupuw" {rF- rC++
                  | Dex+3}
 25497 | Lair:6   | Learned a level 7 spell: Dragon Form
 25797 | Lair:6   | Identified the cursed scarf of the Cosmic Augur {repulsion,
                  | Bglg, Melee} (You found it on level 4 of the Dungeon)
 25797 | Lair:6   | Identified the cursed +0 hat of Ashenzari's Repose {Int+3,
                  | Self, Elem} (You took it off Gastronok on level 8 of the
                  | Dungeon)
 25797 | Lair:6   | Identified the cursed +0 pair of gloves of the Omniscient
                  | Comet {Evo, Melee} (You found it on level 1 of the Dungeon)
 25797 | Lair:6   | Identified the cursed +2 robe "Astrological Sybil"
                  | {Archmagi, Comp, Melee} (You took it off Erica on level 9
                  | of the Dungeon)
 25993 | D:10     | Entered Level 10 of the Dungeon
 25993 | D:10     | Found a radiant altar of Vehumet.
 26018 | D:10     | Found a snail-covered altar of Cheibriados.
 26179 | D:10     | Found a stormy altar of Qazlal.
 26988 | D:11     | Noticed Fannar
 27027 | D:11     | Gained mutation: Potions are less effective at restoring
                  | your health. [mutagenic glow]
 27036 | D:11     | Gained mutation: Your body sometimes deteriorates upon
                  | taking damage. [mutagenic glow]
 27061 | D:10     | Gained mutation: Armour fits poorly on your strangely
                  | shaped body. [mutagenic glow]
 27149 | D:11     | Killed Fannar
 27311 | D:11     | Acquired 639 gold pieces
 28053 | D:12     | Reached XP level 15. HP: 126/126 MP: 34/34
 28310 | D:12     | Learned a level 7 spell: Summon Hydra
 28478 | D:12     | Found a staircase to the Orcish Mines.
 28498 | D:12     | Gained mutation: Your mind is very acute. (Int +4) [hidden
                  | potential]
 28498 | D:12     | Lost mutation: You have hidden genetic potential. [hidden
                  | potential expressed]
 28664 | Orc:1    | Entered Level 1 of the Orcish Mines
 28684 | Orc:1    | Noticed an orc warlord
 29899 | D:12     | Gained mutation: You sometimes lose the ability to read
                  | scrolls when taking damage. [mutagenic glow]
 30087 | Orc:1    | Noticed Maurice
 30561 | Orc:1    | Killed an orc warlord
 30562 | Orc:1    | Reached skill level 10 in Fighting
 30562 | Orc:1    | Reached skill level 10 in Short Blades
 30562 | Orc:1    | Reached skill level 10 in Long Blades
 30562 | Orc:1    | Reached skill level 10 in Axes
 30562 | Orc:1    | Reached skill level 10 in Maces & Flails
 30562 | Orc:1    | Reached skill level 10 in Polearms
 30562 | Orc:1    | Reached skill level 10 in Staves
 30562 | Orc:1    | Reached skill level 10 in Slings
 30562 | Orc:1    | Reached skill level 10 in Bows
 30562 | Orc:1    | Reached skill level 10 in Crossbows
 30562 | Orc:1    | Reached skill level 10 in Throwing
 30562 | Orc:1    | Reached skill level 10 in Armour
 30562 | Orc:1    | Reached skill level 10 in Shields
 30562 | Orc:1    | Reached skill level 10 in Unarmed Combat
 30562 | Orc:1    | Reached skill level 10 in Evocations
 30564 | Orc:1    | Killed Maurice
 31579 | Orc:1    | Found Catomm's Armour Shoppe.
 31592 | Orc:1    | Bought a +2 pair of boots for 280 gold pieces
 31632 | Orc:1    | Noticed Nergalle
 31688 | Orc:1    | Killed Nergalle
 31782 | Orc:2    | Entered Level 2 of the Orcish Mines
 32245 | Orc:2    | Noticed an orc warlord
 32901 | Orc:2    | Found Goybre's Book Boutique.
 32920 | Orc:2    | Bought a book of the Dragon for 690 gold pieces
 32920 | Orc:2    | Bought a book of Power for 630 gold pieces
 32930 | Orc:2    | Learned a level 6 spell: Iron Shot
 32956 | Orc:2    | Found Saec's Antique Armour Shop.
 33234 | Orc:2    | HP: 6/183 [orc knight/+0 glaive (32)]
 33246 | Orc:2    | Demolished by an orc knight

Illustrated notes

Levels and vault maps discovered:
D:1:      wander_arrival_lonely_grave, layout_loops_corners,
          hangedman_feature_mirror
D:2:      cheibrodos_pilgrimage, layout_basic,
          hellmonk_ecumenical_altar_zigzags, serial_shops, nicolae_shop_crystal,
          minmay_lizard_king
D:3:      layout_loops_ring, portal_sewer_entry_b
D:4:      layout_rooms
D:5:      kb_forest_paths, layout_cave_pools,
          nicolae_wu_jian_immortal_techniques,
          mainiacjoe_overflow_catch_the_wave, minmay_holes,
          minmay_fire_ice_demons
D:6:      layout_gridville, uniq_duvessa, uniq_edmund
D:7:      layout_basic, mainiacjoe_overflow_alcove_2,
          minmay_temple_entry_statues, nicolae_water_bricks, guppyfry_shop_venom
D:8:      kennysheep_seaside_town, layout_loops_corners, ebering_ghost_gozag,
          minivault_22, minivault_5, grunt_ministairs_7, uniq_gastronok
D:9:      layout_roguey, lair_entry_dummy, uniq_prince_ribbit1, uniq_grum,
          uniq_erica
D:10:     layout_roguey, mainiacjoe_overflow_tiny_flanked,
          overflow_temple_1_default, slow_altar_1
D:11:     layout_roguey, serial_co_window_serial, co_window_paths_b,
          co_window_paths_a, co_window_paths_a, co_window_corner_a,
          co_window_paths_b, co_window_corner_b, co_window_2corner,
          co_window_cross_2, co_window_sun, glass_columns_b, glass_columns_b,
          glass_columns_b, glass_columns_c, glass_columns_b,
          nicolae_looking_at_the_future, uniq_fannar
D:12:     layout_basic, kennysheep_orc_monster_closet_entryway, lightli_minifort
Temple:   regret_index_temple_waves
Lair:1:   layout_cellular_growth
Lair:2:   layout_long_grid, enter_volcano_4
Lair:3:   nzn_winding_woodlands_three_and_one
          [nzn_winding_woodlands_5x15_pathside_ponds,
          nzn_winding_woodlands_5x15_river_crossing,
          nzn_winding_woodlands_5x15_concentric,
          nzn_winding_woodlands_center_garden], layout_hall_layers, basic_altar,
          grunt_megastairs_2
Lair:4:   layout_cave_pods, nicolae_swamp_entry_splash_gauntlet,
          dummy_snake_entry
Lair:5:   layout_gridlike, beast_lair_carwin_2, uniq_kirke
Lair:6:   minmay_lair_end_frog_pond, layout_gridlike, slime_altar_1, uniq_urug
Orc:1:    layout_diamond_mine, serial_shops, nicolae_shop_behind_doors,
          uniq_maurice, uniq_nergalle
Orc:2:    pubby_orc_utopia, serial_shops

Skill      XL: |  1  2  3  4  5  6  7  8  9 10 11 12 13 14 15 |
---------------+----------------------------------------------+-----
Spellcasting   | 5 6 7 8 9 10 11 | 11.3
Fighting       | 1 2 3 4 5 6 7 8 9 10 | 10.2
Short Blades   | 1 2 3 4 5 6 7 8 9 10 | 10.2
Long Blades    | 1 2 3 4 5 6 7 8 9 10 | 10.2
Axes           | 1 2 3 4 5 6 7 8 9 10 | 10.2
Maces & Flails | 1 2 3 4 5 6 7 8 9 10 | 10.2
Polearms       | 1 2 3 4 5 6 7 8 9 10 | 10.2
Staves         | 1 2 3 4 5 6 7 8 9 10 | 10.2
Slings         | 1 2 3 4 5 6 7 8 9 10 | 10.2
Bows           | 1 2 3 4 5 6 7 8 9 10 | 10.2
Crossbows      | 1 2 3 4 5 6 7 8 9 10 | 10.2
Throwing       | 1 2 3 4 5 6 7 8 9 10 | 10.2
Armour         | 1 2 3 4 5 6 7 8 9 10 | 10.2
Shields        | 1 2 3 4 5 6 7 8 9 10 | 10.2
Unarmed Combat | 1 2 3 4 5 6 7 8 9 10 | 10.2
Invocations    | 1 2 3 4 5 6 7 8 9 10 11 | 11.1
Evocations     | 1 2 3 4 5 6 7 8 9 10 | 10.2
Conjurations   | 1 2 3 4 5 6 7 8 |  8.5
Hexes          | 1 2 3 4 5 6 7 8 |  8.5
Summonings     | 1 2 3 4 5 6 7 8 |  8.5
Necromancy     | 1 2 3 4 5 6 7 8 |  8.5
Translocations | 1 2 3 4 5 6 7 8 |  8.5
Transmutations | 1 2 3 4 5 6 7 8 |  8.5
Fire Magic     | 1 2 3 4 5 6 7 8 |  8.5
Air Magic      | 1 2 3 4 5 6 7 8 |  8.5
Earth Magic    | 1 2 3 4 5 6 7 8 |  8.5
Poison Magic   | 1 2 3 4 5 6 7 8 |  8.5
Dodging        | 5 6 7 8 9 10 11 | 11.1
Stealth        | 5 6 7 8 9 10 11 | 11.0
Ice Magic      | 8 9 10 11 | 11.1

Action                   |  1- 3 |  4- 6 |  7- 9 | 10-12 | 13-15 || total
-------------------------+-------+-------+-------+-------+-------++-------
Melee: Unarmed           |     6 |       |    28 |     7 |   378 ||   419
       Dagger            |    12 |    96 |    93 |       |       ||   201
       Bite              |     2 |    15 |    35 |    27 |   127 ||   206
       Punch             |       |     3 |     5 |     8 |    87 ||   103
       Flail             |       |       |   109 |   147 |    93 ||   349
       Trident           |       |       |       |       |   303 ||   303
       Double sword      |       |       |       |       |    12 ||    12
       Tailslap          |       |       |       |       |    51 ||    51
 Cast: Freeze            |    23 |    15 |    62 |   107 |     5 ||   212
       Frozen Ramparts   |       |     6 |    15 |    21 |     1 ||    43
       Ozocubu's Armour  |       |     4 |    16 |    23 |     2 ||    45
       Summon Ice Beast  |       |       |     6 |     9 |       ||    15
       Ice Form          |       |       |     5 |     1 |       ||     6
       Vampiric Draining |       |       |     3 |     8 |       ||    11
       Irradiate         |       |       |       |    53 |    79 ||   132
       Simulacrum        |       |       |       |     1 |     5 ||     6
       Dragon Form       |       |       |       |       |    29 ||    29
       Iron Shot         |       |       |       |       |     5 ||     5
       Summon Hydra      |       |       |       |       |     1 ||     1
Invok: Curse Item        |       |       |       |     8 |     3 ||    11
       Shatter the Chain |       |       |       |     1 |     1 ||     2
Evoke: Wand              |       |       |       |     3 |       ||     3
  Use: Potion            |       |       |     3 |     3 |     1 ||     7
       Scroll            |       |       |       |       |     3 ||     3
 Stab: Sleeping          |     2 |     6 |     6 |     4 |    14 ||    32
       Distracted        |     1 |       |       |     1 |     2 ||     4
Armor: Robe              |     4 |    23 |    52 |    71 |    85 ||   235
       Skin              |       |       |     4 |       |   241 ||   245
       Steam dragon scal |       |       |       |     8 |       ||     8
Dodge: Dodged            |    17 |    79 |   205 |   219 |   573 ||  1093
       Repelled          |       |       |       |     1 |       ||     1
Block: Other             |     1 |    12 |       |       |       ||    13
